 Dungeon Crawl Stone Soup version 0.21-a0-498-g1b60429 (webtiles) character file.

118 noon the Skirmisher (level 4, -1/41 HPs)
             Began as a Minotaur Chaos Knight on Nov 25, 2017.
             Slain by a two-headed ogre
             ... wielding a +0 giant club
              (12 damage)
             ... on level 3 of the Dungeon.
             The game lasted 00:06:58 (1229 turns).

noon the Skirmisher (Minotaur Chaos Knight)         Turns: 1229, Time: 00:07:04

Health: -1/41      AC:  5    Str: 18    XL:     4   Next: 72%
Magic:  3/3        EV: 12    Int:  9    God:    Xom [.*....]
Gold:   164        SH:  0    Dex:  9    Spells: 3/3 levels left

rFire    . . .     SeeInvis .   a - +0 falchion (chaos)
rCold    . . .     Gourm    .   (no shield)
rNeg     . . .     Faith    .   b - +2 leather armour
rPois    .         Spirit   .   (helmet restricted)
rElec    .         Reflect  .   (no cloak)
rCorr    .         Harm     .   (no gloves)
MR       .....                  (no boots)
Stlth    +.........             (no amulet)
HPRegen  0.13/turn              (no ring)
MPRegen  0.08/turn              (no ring)

@: no status effects
A: retaliatory headbutt, horns 2
a: Renounce Religion


You were on level 3 of the Dungeon.
You worshipped Xom.
You were a plaything of Xom.
You were not hungry.

You visited 1 branch of the dungeon, and saw 3 of its levels.

You collected 164 gold pieces.

Inventory:

Hand Weapons
 a - a +0 falchion of chaos (weapon)
Armour
 b - a +2 leather armour (worn)
 p - a +0 ring mail
Scrolls
 e - a scroll of immolation {unknown}
 g - a scroll of amnesia {unknown}
 h - 3 scrolls of identify {unknown}
 i - 2 scrolls of remove curse {unknown}
 l - a scroll of noise {unknown}
 n - a scroll of fog {unknown}
 o - a scroll of enchant weapon {unknown}
Potions
 k - 2 potions of brilliance {unknown}
 m - a potion of magic {unknown}
Comestibles
 c - a bread ration
 d - 2 chunks of flesh
 f - 2 meat rations


   Skills:
 + Level 4.9 Fighting
 + Level 4.6 Long Blades
 + Level 3.5 Armour
 + Level 2.1 Dodging


You had 3 spell levels left.
You didn't know any spells.

Dungeon Overview and Level Annotations

Branches:
Dungeon (3/15)

Altars:


Innate Abilities, Weirdness & Mutations

You reflexively headbutt those who attack you in melee.
You have a pair of horns on your head.


Message History

Your headbutt misses the two-headed ogre.
The two-headed ogre is moderately wounded.
The two-headed ogre hits you with a giant club!
The two-headed ogre barely misses you.
You completely miss the two-headed ogre.
The two-headed ogre is moderately wounded.
The two-headed ogre misses you. The two-headed ogre closely misses you.
You hit the two-headed ogre but do no damage.
The two-headed ogre is poisoned.
You headbutt the two-headed ogre, but do no damage.
The two-headed ogre is moderately wounded.
You hit the two-headed ogre.
The two-headed ogre looks even sicker.
You headbutt the two-headed ogre!
The two-headed ogre is heavily wounded.
The two-headed ogre hits you with a giant club!
* * * LOW HITPOINT WARNING * * *
A shower of butterflies erupts from you!
The two-headed ogre hits you with a giant spiked club!
You die...
Xom chortles!

#.##.# ##
#.##.# .
#.##.# #.
#.##.## #..
#.#...######
#..##
#...#......#
...
#.....####.#
#b#####..†.##
#.#
#.@b.......#
#.#
#O#######..#
#.# ..b #..#
#.# #.## #..#
#.# #...
###..# #.# .
##.####....#
#.# .
..........##
#.# ##
..........#
#.#
#.####.###
#.#


You could see a two-headed ogre.

Vanquished Creatures
  A hound (D:2)
  3 gnolls (D:2)
  An adder (D:2)
  A worm (D:2)
  3 dart slugs
  A leopard gecko (D:1)
  7 bats
  4 giant cockroaches
  A hobgoblin (D:2)
  4 frilled lizards (D:1)
  7 goblins (D:1)
  5 kobolds
  4 rats
42 creatures vanquished.

Vanquished Creatures (others)
  A kobold (D:3)
  A rat (D:3)
2 creatures vanquished.

Grand Total: 44 creatures vanquished

Notes
Turn   | Place    | Note
-------+----------+-------------------------------------------
     0 | D:1      | noon the Minotaur Chaos Knight began the quest for the Orb.
     0 | D:1      | Reached XP level 1. HP: 19/19 MP: 0/0
   158 | D:1      | Reached XP level 2. HP: 27/27 MP: 1/1
   546 | D:2      | Reached XP level 3. HP: 34/34 MP: 2/2
   653 | D:2      | Reached XP level 4. HP: 39/41 MP: 3/3
   764 | D:2      | XOM: 2-stop teleportation journey
  1172 | D:3      | XOM: medium Air miscast
  1225 | D:3      | Noticed a two-headed ogre
  1229 | D:3      | XOM: butterfly on damage
  1229 | D:3      | Slain by a two-headed ogre

Vault maps used:
D:1:      elethiomel_arrival_shortcut, serial_glass, glass_columns_b,
          glass_columns_a, minmay_strange_pillars
D:3:      fedhas_altar_3, chequers_ecumenical_altar_simple_redux, st_stairs_7

Skill      XL: |  1  2  3  4 |
---------------+-------------+-----
Fighting       | 4 |  4.9
Long Blades    | 4 |  4.6
Armour         | 3 |  3.5
Dodging        | 2 |  2.1

Action                   |  1- 3 |  4- 6 || total
-------------------------+-------+-------++-------
Melee: Falchion          |    46 |    33 ||    79
       Headbutt          |     8 |     8 ||    16
  Use: Potion            |       |     1 ||     1
 Stab: Paralysed         |       |     4 ||     4
  Eat: Chunk             |       |     1 ||     1
Armor: Leather armour    |    17 |     9 ||    26
Dodge: Dodged            |    35 |    21 ||    56
       Rpst.: Falchion   |     7 |     9 ||    16

Table legend:
 A = Spawn XP
 B = Non-spawn XP
 C = Spawn XP percentage of total XP
 D = Spawn monster count
 E = Non-spawn monster count
 F = Spawn count percentage of total count
 G = Total turns spent on level
                    A         B        C        D         E        F      G
               +---------+---------+-------+---------+---------+-------+---------
         Total |       0 |     169 |   0.0 |       0 |      43 |   0.0 |  1229
               +---------+---------+-------+---------+---------+-------+---------
           D:1 |       0 |      40 |   0.0 |       0 |      23 |   0.0 |   488
           D:2 |       0 |     122 |   0.0 |       0 |      15 |   0.0 |   654
           D:3 |       0 |       7 |   0.0 |       0 |       5 |   0.0 |    87
               +---------+---------+-------+---------+---------+-------+---------
